 Dungeon Crawl Stone Soup version 0.29.1-15-g9cfb28693d (webtiles) character file.

Game seed: 8073252045917285141

2078025 Midpoint the Worldbinder (level 25, 187/187 (189) HPs)
             Began as a Felid Summoner on Mar 6, 2023.
             Was an Initiate of Gozag.
             Escaped with the Orb
             ... and 4 runes on Mar 11, 2023!
             The game lasted 14:04:51 (82313 turns).

Midpoint the Worldbinder (Felid Summoner)          Turns: 82313, Time: 14:04:52

HP:   187/187 (189) AC: 16    Str: 17      XL:     25   Next: 96%
MP:   17/45         EV: 27    Int: 32 (33) God:    Gozag
Gold: 1855          SH:  0    Dex: 21      Spells: 3/58 levels left
                                        Lives: 2   Deaths: 2

rFire   + + +      SeeInvis +     - Unarmed
rCold   . . .      Faith    .   (shield unavailable)
rNeg    . . .      Spirit   .   (body armour unavailable)
rPois   +          Reflect  .   (helmet unavailable)
rElec   .          Harm     .   (cloak unavailable)
rCorr   .          Rampage  .   (gloves unavailable)
Will    +++++                   (boots unavailable)
Stlth   ++........              w - amulet "Enuawo" {rC+ Regen+}
HPRegen 1.21/turn               i - ring "Onky" {rF+ EV+4 Int+5}
MPRegen 0.29/turn               U - ring "Jaocwire" {rPois Will++ Str+3 Int+4}

@: dragon-form, calling dragons, gold aura, flying, hasted, lightly drained,
very quick
A: dragon claw, dragon scales, breathe fire, flying, boosted hp, giant, (claws
1), (fangs 3), see invisible, (speed 1), (shaggy fur 3), (stealthy paws), no
weapons or thrown items, no armour, multi-lived
0: Orb of Zot
}: 4/15 runes: serpentine, barnacled, slimy, silver
a: Breathe Fire, End Transformation, Renounce Religion, Potion Petition, Call
Merchant, Bribe Branch


You escaped.
You worshipped Gozag.
Gozag was most pleased with you.
You were a fearsome dragon!
You visited 12 branches of the dungeon, and saw 56 of its levels.
You also visited: Sewer, Bailey and Ice Cave.

You collected 34142 gold pieces.
You spent 9106 gold pieces at shops.
You paid 23181 gold pieces to Gozag.

Inventory:

Hand Weapons
 Q - a +0 shortbow
Jewellery
 i - the ring "Onky" (left foreclaw) {rF+ EV+4 Int+5}
   (You acquired it on level 2 of the Dungeon)

   [ring of evasion]

   EV:        It affects your evasion (+4).
   Int:       It affects your intelligence (+5).
   rF:        It protects you from fire.
 w - the amulet "Enuawo" (around neck) {rC+ Regen+}
   (You bought it in a shop on level 1 of the Lair of Beasts)

   [amulet of regeneration]

   rC:        It protects you from cold.
   Regen:     It increases your rate of health regeneration.
 x - an amulet of the acrobat
 H - an amulet of magic regeneration
 J - a +4 ring of protection
 O - the ring of Saele {rPois rN+ Str-4 Dex+6}
   (You found it on level 3 of the Vaults)

   [ring of dexterity]

   Str:       It affects your strength (-4).
   Dex:       It affects your dexterity (+6).
   rPois:     It protects you from poison.
   rN:        It protects you from negative energy.
 R - the ring of the Middle {rC+ Will- rCorr Stlth+}
   (You found it on level 5 of the Pits of Slime)

   [ring of protection from cold]

   rC:        It protects you from cold.
   rCorr:     It protects you from acid and corrosion.
   Will:      It decreases your willpower.
   Stlth:     It makes you more stealthy.
 U - the ring "Jaocwire" (right foreclaw) {rPois Will++ Str+3 Int+4}
   (You acquired it on level 11 of the Dungeon)

   [ring of poison resistance]

   Str:       It affects your strength (+3).
   Int:       It affects your intelligence (+4).
   rPois:     It protects you from poison.
   Will:      It greatly increases your willpower.
 V - a ring of positive energy
 X - the ring of Neurosis {Wiz Dex+7}
   (You found it on level 5 of the Pits of Slime)

   [ring of wizardry]

   It improves your spell success rate.
   Dex:       It affects your dexterity (+7).
Wands
 m - a wand of polymorph (21)
 o - a wand of flame (57)
 r - a wand of roots (35)
 B - a wand of charming (45)
 F - a wand of mindburst (19)
 L - a wand of quicksilver (32)
 N - a wand of digging (6)
Scrolls
 a - 7 scrolls of amnesia
 b - 3 scrolls of magic mapping
 c - 17 scrolls of teleportation
 e - 7 scrolls of immolation
 f - 9 scrolls of noise
 j - 13 scrolls of fog
 k - 7 scrolls of blinking
 u - 3 scrolls of summoning
 v - 14 scrolls of fear
 A - 9 scrolls of vulnerability
 G - 10 scrolls of poison
 K - 6 scrolls of torment
 W - 4 scrolls of silence
Potions
 d - 12 potions of brilliance
 g - 36 potions of curing
 h - 4 potions of haste
 l - 9 potions of heal wounds
 n - 19 potions of mutation
 p - 4 potions of ambrosia
 q - 3 potions of cancellation
 t - 13 potions of flight
 y - a potion of berserk rage
 z - 7 potions of attraction
 C - 15 potions of lignification
 D - 6 potions of magic
 E - 5 potions of resistance
 M - 9 potions of invisibility
 P - 4 potions of might
Miscellaneous
 s - a condenser vane
 I - a tin of tremorstones (2/2)
 S - a phantom mirror
 T - a lightning rod (4/4)
 Y - a phial of floods
 Z - a box of beasts


   Skills:
 + Level 20.3 Fighting
 - Level 23.0 Dodging
 - Level 8.0 Stealth
 + Level 17.6 Unarmed Combat
 - Level 17.0 Spellcasting
 - Level 10.0 Hexes
 + Level 25.5 Summonings
 - Level 15.0 Translocations
 - Level 16.0 Transmutations
 - Level 7.0 Air Magic
 - Level 4.0 Evocations


You had 3 spell levels left.
You knew the following spells:

 Your Spells              Type           Power      Damage    Failure   Level
a - Apportation           Tloc           100%       N/A       0%          1
b - Summon Mana Viper     Hex/Summ       96%        N/A       1%          5
c - Summon Horrible Thin  Summ           56%        N/A       1%          8
d - Dragon's Call         Summ           56%        N/A       4%          9
e - Wereblood             Tmut           92%        N/A       0%          2
f - Summon Cactus Giant   Summ           56%        N/A       0%          6
g - Swiftness             Air            64%        N/A       1%          3
h - Dragon Form           Tmut           46%        N/A       1%          7
i - Passage of Golubria   Tloc           89%        N/A       1%          4
j - Summon Forest         Summ/Tloc      51%        N/A       0%          5
k - Manifold Assault      Tloc           89%        N/A       1%          5

Your spell library contained the following spells:

 Spells                   Type           Power      Damage    Failure   Level
 Beastly Appendage        Tmut           100%       N/A       0%          1
 Summon Small Mammal      Summ           100%       N/A       0%          1
 Blink                    Tloc           100%       N/A       0%          2
 Call Imp                 Summ           100%       N/A       0%          2
 Call Canine Familiar     Summ           100%       N/A       0%          3
 Gell's Gravitas          Tloc           89%        N/A       0%          3
 Summon Guardian Golem    Hex/Summ       96%        N/A       0%          3
 Teleport Other           Tloc           89%        N/A       0%          3
 Foxfire                  Conj/Fire      100%       2x1d9     1%          1
 Freeze                   Ice            100%       1d11      1%          1
 Magic Dart               Conj           100%       1d8       1%          1
 Necrotise                Necr           100%       1d9       1%          1
 Shock                    Conj/Air       100%       1d9       1%          1
 Ensorcelled Hibernation  Hex/Ice        100%       N/A       1%          2
 Passwall                 Tmut/Erth      56%        N/A       1%          2
 Dazzling Flash           Conj/Hex       100%       N/A       1%          3
 Ignite Poison            Fire/Tmut/Pois 57%        N/A       1%          3
 Inner Flame              Hex/Fire       56%        N/A       1%          3
 Mephitic Cloud           Conj/Pois/Air  42%        N/A       1%          3
 Spider Form              Tmut/Pois      68%        N/A       1%          3
 Tukima's Dance           Hex            74%        N/A       1%          3
 Scorch                   Fire           54%        2d8       2%          2
 Searing Ray              Conj           54%        2d6       2%          2
 Sublimation of Blood     Necr           27%        N/A       2%          2
 Conjure Flame            Conj/Fire      27%        6-21      4%          3
 Frozen Ramparts          Ice            54%        1d9       4%          3
 Ozocubu's Armour         Ice            27%        N/A       4%          3
 Airstrike                Air            32%        2d(5-21)  1%          4
 Anguish                  Hex/Necr       28%        N/A       1%          4
 Cause Fear               Hex            37%        N/A       1%          4
 Fulminant Prism          Conj/Hex       28%        3d14      1%          4
 Ice Form                 Ice/Tmut       68%        N/A       1%          4
 Iskenderun's Mystic Bla  Conj/Tloc      66%        2d14      1%          4
 Leda's Liquefaction      Hex/Erth       28%        N/A       1%          4
 Petrify                  Tmut/Erth      68%        N/A       1%          4
 Summon Lightning Spire   Summ/Air       92%        N/A       1%          4
 Alistair's Intoxication  Tmut/Pois      45%        N/A       1%          5
 Blade Hands              Tmut           46%        N/A       1%          5
 Silence                  Hex/Air        34%        N/A       1%          5
 Yara's Violent Unravell  Hex/Tmut       42%        3d17      1%          5
 Dispersal                Tloc           44%        N/A       1%          6
 Malign Gateway           Summ/Tloc      51%        N/A       1%          7
 Summon Hydra             Summ           56%        N/A       1%          7
 Metabolic Englaciation   Hex/Ice        28%        N/A       5%          5
 Haunt                    Necr/Summ      41%        N/A       7%          7
 Spellforged Servitor     Conj/Summ      41%        N/A       7%          7
 Eringya's Noxious Bog    Tmut/Pois      34%        N/A       9%          6
 Statue Form              Tmut/Erth      45%        N/A       9%          6
 Storm Form               Tmut/Air       39%        N/A       11%         7
 Dispel Undead            Necr           27%        3d13      14%         4
 Flame Wave               Conj/Fire      27%        2d9       14%         4
 Hailstorm                Conj/Ice       27%        3d7       14%         4
 Olgreb's Toxic Radiance  Pois           27%        N/A       14%         4
 Freezing Cloud           Conj/Ice/Air   21%        6-21      16%         5
 Enfeeble                 Hex            37%        N/A       21%         7
 Disjunction              Tloc           44%        N/A       21%         8
 Agony                    Necr           27%        N/A       38%         5
 Borgnjor's Vile Clutch   Necr/Erth      13%        N/A       38%         5
 Iskenderun's Battlesphe  Conj           27%        2d8       38%         5
 Lee's Rapid Deconstruct  Erth           13%        3d10*     38%         5
 Conjure Ball Lightning   Conj/Air       24%        3x3d7     47%         6
 Discord                  Hex            37%        N/A       85%         8
 Death Channel            Necr           13%        N/A       92%         6
 Iron Shot                Conj/Erth      13%        9d3       92%         6
 Necromutation            Tmut/Necr      34%        N/A       98%         8
 Ozocubu's Refrigeration  Ice            13%        4d10      100%        7
 Borgnjor's Revivificati  Necr           13%        N/A       100%        8
 Lehudib's Crystal Spear  Conj/Erth      13%        10d5      100%        8
 Chain Lightning          Conj/Air       24%        3d32      100%        9
 Death's Door             Necr           13%        N/A       100%        9
 Fire Storm               Conj/Fire      13%        8d4       100%        9
 Portal Projectile        Hex/Tloc       Unusable   N/A       N/A         3
 Animate Armour           Summ/Erth      Unusable   N/A       N/A         4
 Corpse Rot               Necr/Pois/Air  Unusable   N/A       N/A         4
 Animate Dead             Necr           Unusable   N/A       N/A         4
 Simulacrum               Ice/Necr       Unusable   N/A       N/A         6

Dungeon Overview and Level Annotations

Branches:
Dungeon (15/15)            Temple (1/1) D:6            Lair (5/5) D:11
 Shoals (4/4) Lair:3        Snake (4/4) Lair:2        Slime (5/5) Lair:4
    Orc (2/2) D:12            Elf (3/3) Orc:2        Vaults (5/5) D:14
  Crypt (3/3) Vaults:3       Tomb (0/3) Crypt:3      Depths (4/4) D:15
    Zot (5/5) Depths:4      Sewer (visited)          Bailey (visited)
  IceCv (visited)

Altars:
Dithmenos
Elyvilon
Fedhas
Gozag
Kikubaaqudgha
Nemelex Xobeh
Okawaru
Ru
Sif Muna
Trog
Vehumet
Wu Jian
Xom
Yredelemnul
The Shining One
Jiyva
Lugonu

Shops:
D:2 =**(   D:10 *   D:11 *   D:12 =   Orc:2 ([([   Elf:2 *   Lair:1 =::=
Shoals:2 :   Snake:2 ?   Vaults:5 *   Depths:2 [[*!   Depths:4 =::

Portals:
Hell: Depths:1 Depths:3 Depths:4
Abyss: Lair:5 Snake:4 Depths:3 Depths:4
Pandemonium: Depths:2 Depths:4
Ziggurat: Depths:3

Annotations:
D:14 3 runed translucent doors, Alirepe's ghost, journeyman DsAr; Baec Wov's ghost, journeyman VSFi
Snake:4 2 transporters, Wentworth's ghost, adept MiFi
Elf:2 3 runed translucent doors
Vaults:1 exclusion: 2 doors
Vaults:2 1 exclusion
Depths:3 3 runed translucent doors, exclusion: 3 doors, Caat Rau's ghost, adept DgCj; Utor Aju's ghost, adept MiHu
Zot:1 1 runed translucent door, Laddes's ghost, veteran DsFi
Zot:2 3 runed translucent doors, Heoriaro's ghost, legendary GnFi


Innate Abilities, Weirdness & Mutations

You are a fearsome dragon!
You have a powerful clawing attack.
Your giant scaled body is strong and resiliant, but less evasive.
You can breathe fire.
You are flying.
Your maximum health is greatly increased.
((You have sharp claws.))
((You have razor-sharp teeth.))
You have supernaturally acute eyesight. (SInv)
((You cover ground quickly. (Speed+)))
((Your thick and shaggy fur keeps you warm. (AC +3, rC+)))
((Your paws help you pounce on unaware monsters.))
You are incapable of wielding weapons or throwing items.
You cannot wear armour.
You gain extra lives every three experience levels.


Message History

Press: ? - help, Shift-Dir - straight line A rock wall.
This square is covered in magical glow.
The rock shatters into small pieces.
Unknown command.
The lich conjures an orb of pure magic.
An orb of destruction comes into view.
Casting: Dragon's Call (dangerous; 4% risk of failure)
Confirm with . or Enter, or press ? or * to list all spells.
Your quicksilver dragon closely misses the lich.
Your quicksilver dragon claws the lich!
Unknown command.
A dragon arrives to answer your call!
The orb of destruction hits your large abomination!!!!
Your large abomination is blown up!
Your large abomination disappears in a puff of smoke!
Your quicksilver dragon breathes dispelling energy at the lich.
The bolt of dispelling energy hits the lich.
The lich's magical effects unravel!
You swap places.
Your quicksilver dragon bites the lich!!
Your quicksilver dragon claws the lich!
Your tentacled monstrosity tentacle-slaps the lich but does no damage.
Your tentacled monstrosity barely misses the lich.
Your tentacled monstrosity tentacle-slaps the lich.
Your tentacled monstrosity grabs the lich.
Your tentacled monstrosity constricts the lich.
Your quicksilver dragon bites the lich.
Your quicksilver dragon claws the lich.
The lich gestures wildly while chanting.
The lich flickers and vanishes for a moment.
Your tentacled monstrosity tentacle-slaps the lich but does no damage.
Your tentacled monstrosity tentacle-slaps the lich!
The lich is destroyed!
Unknown command.
There is a staircase leading out of the dungeon here.
Okay, then.
Casting: Summon Horrible Things (mildly dangerous; 1% risk of failure)
Confirm with . or Enter, or press ? or * to list all spells.
Okay, then.
You have escaped!

..# #........[.#
.D### #..........###
..D.###............#
###D........######.#
# #.........# #.# #
#L........# ###.# #
##..####### #...# #
##.## #'#.# #
#..#########D#.# #
######.DDDX..X..+#.#
#
#........XD#####...#
#..........# #####
#### #..........#
#...
#..........#####
##### #.##
#..........(...#
#...# ###...
#..(......####.#
#...# #.....
#.........# #.#
#...# #.....


You could see a friendly tentacled monstrosity (summoned), a friendly iron
dragon (summoned), a friendly quicksilver dragon (summoned) and 2 friendly large
abominations.

Vanquished Creatures
  A curse toe (Zot:4)
  A caustic shrike (Depths:3)
  Nikola (Vaults:1)
  2 golden dragons (Depths:4)
  A bone dragon (Depths:3)
  An electric golem (Zot:5)
  A Hell Sentinel (D:13)
  8 Orb Guardians
  5 tentacled monstrosities
  4 liches
  A deep elf blademaster (Elf:3)
  A walking earthen tome (Depths:2)
  2 quicksilver dragons
  3 titans (Vaults:5)
  2 ancient champions
  9 acid blobs
  2 sphinxes
  5 storm dragons
  3 tengu reavers
  5 shadow dragons
  2 revenants
  9 rockslimes
  3 frost giants
  6 fire giants
  2 iron dragons
  A deep elf sorcerer (Vaults:5)
  5 vault wardens
  2 ghost moths
  6 azure jellies
  A cacodemon (Depths:4)
  A draconian scorcher (Zot:1)
  A caustic shrike zombie (Crypt:3)
  2 ghouls (Crypt:1)
  2 curse skulls
  2 draconian stormcallers (Zot:1)
  3 war gargoyles
  6 quicksilver oozes
  10 ironbound preservers
  5 stone giants
  A caustic shrike skeleton (Crypt:3)
  2 green draconians (Zot:1)
  5 vampire knights
  16 very ugly things
  3 deep elf demonologists
  5 ironbound thunderhulks
  5 dire elephants
  3 spark wasps
  2 black draconians (Zot:1)
  A white draconian (Zot:1)
  A yellow draconian (Zot:2)
  8 ettins
  3 eidola
  A deep elf death mage (Vaults:5)
  4 fire dragons
  5 jiangshi
  9 vault guards
  9 great orbs of eyes
  2 merfolk impalers
  4 yaktaur captains
  5 rakshasas
  A boulder beetle (Vaults:3)
  A peacekeeper (Vaults:2)
  A spriggan skeleton (Crypt:3)
  2 hell beasts (Depths:3)
  A naga warrior (Snake:4)
  3 spriggan air magi (Depths:3)
  The ghost of BuddhaDhamma the Executioner, a journeyman MiBe of Trog (D:12)
  3 ice dragons
  A juggernaut simulacrum (Depths:1)
  2 merfolk avatars
  2 death knights
  5 ironbound frosthearts
  6 centaur warriors
  2 merfolk aquamancers (Shoals:4)
  An anaconda (Snake:3)
  2 dancing weapons (Elf:3)
  3 deep troll shamans
  6 hell hogs
  2 deep troll earth magi
  A quicksilver ooze zombie (Crypt:2)
  2 titan zombies
  An orc high priest (Elf:2)
  3 soul eaters
  5 vampire magi
  18 hell knights
  7 deep elf knights (Elf:3)
  A spriggan berserker (Depths:4)
  A sun demon (Depths:1)
  A sixfirhy (Depths:4)
  15 skeletal warriors
  3 sea snakes
  An anaconda zombie (Crypt:1)
  3 iron trolls
  An iron giant zombie (Crypt:3)
  21 deep trolls
  A quicksilver dragon simulacrum (Depths:3)
  6 deep elf archers
  A flayed ghost (Depths:1)
  2 wizards (Vaults:3)
  2 glowing orange brains
  8 ironbound convokers
  5 phantasmal warriors
  A necromancer (Depths:2)
  A bunyip skeleton (Crypt:3)
  3 lindwurms
  9 harpies
  2 oklob plants (Zot:4)
  4 fauns (Shoals:2)
  10 deep elf zephyrmancers
  An orc sorcerer (Elf:1)
  5 manticores
  8 ugly things
  9 deep elf pyromancers
  2 spectral centaurs (D:12)
  A salamander (Snake:4)
  5 shining eyes
  A frost giant skeleton (Depths:3)
  9 moths of wrath
  3 black mambas
  2 smoke demons
  2 guardian serpents (Snake:4)
  A gargoyle (Crypt:3)
  2 merfolk sirens
  A spriggan zombie (Depths:1)
  7 vault sentinels
  3 water nymphs
  2 eyes of devastation
  18 yaktaurs
  A freezing wraith (Crypt:2)
  A green draconian skeleton (Crypt:1)
  A red devil (Crypt:3)
  2 tengu conjurers
  7 merfolk
  A minotaur skeleton (Crypt:2)
  A polar bear (Vaults:2)
  5 wind drakes
  2 nameless horrors
  2 harpy skeletons (Crypt:3)
  59 slime creatures
  A snapping turtle (Shoals:3)
  A centaur simulacrum (D:12)
  8 water elementals
  2 shadows (Crypt:3)
  3 wraiths (Crypt:3)
  2 fire elementals
  4 golden eyes
  A wind drake skeleton (Crypt:2)
  An elf skeleton (Vaults:2)
  6 nagas (Snake:4)
  A warg (Vaults:1)
  A demonspawn skeleton (Crypt:1)
  3 floating eyes
  A meliai simulacrum (D:12)
  A spriggan simulacrum (Depths:1)
  A human zombie (Vaults:2)
  2 ogres
  3 boggarts (Vaults:2)
  3 earth elementals
  A draconian skeleton (Crypt:1)
  An electric eel (Lair:3)
  3 jellies (Zot:4)
  A black bear skeleton (Crypt:1)
  4 bats
  A dart slug zombie (Crypt:2)
  A river rat skeleton (Crypt:1)
  A bush (Depths:1)
  A snaplasher vine (Vaults:2)
628 creatures vanquished.

Vanquished Creatures (collateral kills)
  the Royal Jelly (Slime:5)
  Dissolution (Slime:2)
  2 dread liches (Crypt:3)
  2 ancient liches (Zot:5)
  2 orbs of fire (Zot:5)
  4 Killer Klowns (Zot:5)
  Margery (Depths:3)
  Saint Roka (Vaults:1)
  Vashnia (Snake:3)
  2 caustic shrikes (Depths:3)
  A profane servitor (D:7)
  3 golden dragons
  2 bone dragons
  2 electric golems (Zot:5)
  An Ice Fiend (Zot:2)
  8 tentacled monstrosities
  A deep elf blademaster (Elf:3)
  Mlioglotl (Snake:4)
  3 liches
  16 Orb Guardians (Zot:5)
  33 acid blobs
  2 deep elf master archers (Elf:3)
  3 quicksilver dragons
  A titan (Zot:5)
  A sphinx (Depths:2)
  4 death cobs
  Agnes (Elf:1)
  2 draconian monks
  The ghost of acky the Black Belt, an adept OpTm of Gozag (Elf:3)
  3 shadow dragons
  5 nagarajas (Snake:4)
  2 tengu reavers
  A deep elf sorcerer (Elf:3)
  6 storm dragons
  8 azure jellies
  7 rockslimes (Slime:5)
  A fire giant (Depths:2)
  3 draconian knights
  10 vault wardens
  5 draconian shifters
  7 frost giants
  2 juggernaut zombies
  A curse skull (Crypt:2)
  Aizul (Snake:1)
  A draconian scorcher (Zot:2)
  The ghost of yourfavgirlally the Severer, a journeyman PaBe of Trog (D:15)
  2 draconian stormcallers
  A spriggan defender (Depths:3)
  3 ghouls
  5 deep elf elementalists (Elf:3)
  8 quicksilver oozes (Slime:5)
  9 stone giants
  8 ironbound preservers
  2 war gargoyles (Crypt:3)
  14 very ugly things
  3 draconian annihilators
  5 ironbound thunderhulks
  2 green draconians
  5 black draconians
  4 deep elf demonologists (Elf:3)
  3 white draconians
  2 vampire knights (Crypt:2)
  6 yellow draconians
  A spark wasp (shapeshifter) (Depths:3)
  Azrael (Elf:1)
  4 deep elf annihilators
  A purple draconian (Zot:2)
  3 red draconians
  A dire elephant (Vaults:1)
  A spark wasp (Depths:3)
  9 deep elf death magi
  5 fire dragons
  2 eidola (Crypt:2)
  A quicksilver dragon zombie (Depths:3)
  8 jiangshi
  5 merfolk impalers (Shoals:4)
  4 yaktaur captains
  A mummy priest (Crypt:1)
  2 merfolk javelineers (Shoals:4)
  4 ettins
  2 deep elf high priests (Elf:3)
  4 boulder beetles
  3 spriggan zombies
  2 great orbs of eyes
  An ice dragon (Depths:2)
  Harold (D:11)
  A caustic shrike simulacrum (Depths:3)
  2 salamander tyrants
  20 centaur warriors
  7 vault guards
  3 hydras
  5 ogre magi
  2 ironbound frosthearts
  2 spriggan air magi (Depths:2)
  A peacekeeper (Vaults:2)
  17 two-headed ogres
  7 naga warriors
  2 alligator snapping turtles (Shoals:4)
  8 anacondas
  A hell hog (Depths:1)
  3 merfolk aquamancers (Shoals:4)
  An azure jelly zombie (Crypt:2)
  7 deep troll shamans
  7 vampire magi
  4 tengu warriors
  A death knight (D:15)
  2 merfolk avatars (Shoals:1)
  9 dancing weapons
  4 deep troll earth magi
  4 death yaks
  A satyr (Shoals:4)
  18 naga sharpshooters
  3 deep elf knights
  Urug (Lair:4)
  5 shock serpents
  4 spriggan berserkers
  An orc high priest (Elf:3)
  A titan zombie (Crypt:3)
  2 thrashing horrors (Lair:5)
  11 hell knights
  3 soul eaters
  Sonja (Lair:2)
  A titan skeleton (Crypt:3)
  3 shadow wraiths
  6 iron trolls
  5 salamander mystics
  33 skeletal warriors
  A spark wasp zombie (D:15)
  An anaconda zombie (Snake:2)
  A bog body (Crypt:1)
  A glowing orange brain (Depths:2)
  31 deep trolls
  7 sea snakes
  4 spectral anacondas (Snake:2)
  4 naga ritualists
  A deep troll (shapeshifter) (D:14)
  4 flayed ghosts
  5 deep elf archers
  2 lindwurms (Vaults:1)
  5 phantasmal warriors
  12 deep elf zephyrmancers
  6 necromancers
  21 harpies
  4 orc sorcerers
  8 wizards
  A sphinx zombie (D:15)
  3 anaconda skeletons (Snake:2)
  A harpy (shapeshifter) (D:15)
  6 ironbound convokers
  A spectral wolf spider (D:12)
  2 shining eyes
  11 fauns
  A shadow dragon skeleton (Crypt:1)
  2 orc knights
  11 manticores
  21 deep elf pyromancers
  7 mana vipers
  A frost giant zombie (Crypt:2)
  5 cyclopes
  11 salamanders
  29 ugly things
  A frost giant skeleton (Depths:3)
  6 vault sentinels
  5 merfolk sirens
  22 black mambas
  An ice statue (Lair:4)
  6 moths of wrath
  A torpor snail (Lair:2)
  3 guardian serpents
  A guardian serpent (shapeshifter) (Vaults:5)
  A water nymph (Shoals:1)
  15 elephants
  10 smoke demons
  A dire elephant skeleton (Crypt:1)
  23 naga magi
  3 gargoyles (Crypt:3)
  5 cane toads
  A centaur skeleton (Crypt:3)
  A shock serpent skeleton (Crypt:1)
  3 efreet
  Psyche (D:11)
  2 unseen horrors
  8 komodo dragons
  A spectral redback (D:12)
  2 freezing wraiths
  4 tengu conjurers
  A rime drake (Lair:2)
  12 yaktaurs
  A yaktaur skeleton (Vaults:2)
  2 trolls
  4 ice devils
  An ancient zyme (Lair:5)
  7 anaconda simulacra (Snake:2)
  22 merfolk
  3 red devils (Crypt:3)
  A hydra zombie (Crypt:3)
  3 polar bears
  4 wind drakes
  40 slime creatures
  9 snapping turtles
  22 blink frogs
  An ettin zombie (Crypt:3)
  Sigmund (D:5)
  3 jumping spiders (shapeshifter)
  A culicivora (shapeshifter) (Vaults:5)
  4 flying skulls (Crypt:2)
  2 shadows (Crypt:3)
  7 water elementals
  A spriggan (shapeshifter) (Vaults:5)
  A centaur simulacrum (D:12)
  3 vampires
  8 wraiths
  A ynoxinul (Lair:5)
  A wyvern (shapeshifter) (D:14)
  3 wyverns
  An air elemental (Elf:1)
  4 spriggan skeletons
  9 basilisks
  21 yaks
  3 fire elementals
  An unseen horror simulacrum (D:9)
  A basilisk (shapeshifter) (Vaults:5)
  A black mamba skeleton (Crypt:2)
  14 vampire mosquitoes
  Grum (Bailey)
  A steam dragon (D:8)
  4 wargs
  A deep troll zombie (Crypt:1)
  A naga zombie (Crypt:3)
  4 acid dragons
  42 nagas
  5 water moccasins
  4 hell hounds (Elf:1)
  17 orc warriors
  2 sky beasts (D:7)
  10 ice beasts
  4 black bears
  A floating eye zombie (Depths:1)
  An ogre (shapeshifter) (Depths:3)
  24 ogres
  10 small abominations (Lair:5)
  7 wolves
  8 centaurs
  A phantom (D:5)
  A kobold brigand (D:9)
  Blork the orc (D:4)
  A draconian zombie (Crypt:2)
  19 bullfrogs
  5 gnoll sergeants (Bailey)
  7 scorpions
  A two-headed ogre simulacrum (IceCv)
  2 wights (D:7)
  8 killer bees
  6 howler monkeys
  A wolf skeleton (Crypt:2)
  5 hounds
  18 jellies
  12 orc priests
  6 gnoll boudas
  An iguana (shapeshifter) (Lair:5)
  6 iguanas
  21 orc wizards
  A troll simulacrum (IceCv)
  A spriggan simulacrum (IceCv)
  5 nameless horrors
  Robin (D:4)
  8 adders
  16 gnolls
  7 river rats
  A naga simulacrum (IceCv)
  3 white imps
  3 ufetubi
  A lava snake skeleton (Crypt:1)
  5 worms
  3 dart slugs
  62 orcs
  7 endoplasms
  2 giant cockroaches
  14 goblins
  10 hobgoblins
  3 jackals (Sewer)
  10 kobolds
  4 quokkas
  A river rat zombie (Crypt:2)
  7 ball pythons (Sewer)
  13 bats
  4 frilled lizards
  A kobold zombie (Crypt:1)
  3 rats
  A bush (Depths:1)
1582 creatures vanquished.

Vanquished Creatures (others)
  2 dread liches
  An ancient lich (Vaults:5)
  2 orbs of fire (Zot:5)
  A Killer Klown (Zot:5)
  A curse toe (Zot:2)
  7 tentacled monstrosities
  2 Orb Guardians (Zot:5)
  A titan (Vaults:5)
  2 quicksilver dragons
  A death cob (Zot:3)
  An acid blob (Zot:4)
  A sphinx (Vaults:5)
  3 storm dragons
  A shadow dragon (Vaults:5)
  2 tengu reavers
  2 draconian knights
  2 fire giants (Vaults:5)
  A frost giant (Vaults:5)
  2 draconian scorchers
  2 draconian shifters
  A stone giant (Vaults:5)
  2 ironbound preservers (Vaults:5)
  2 green draconians
  3 draconian annihilators (Zot:2)
  A deep elf demonologist (Vaults:5)
  3 black draconians
  2 purple draconians
  2 white draconians
  A red draconian (Zot:2)
  8 yellow draconians
  A deep elf death mage (Vaults:5)
  2 deep elf high priests (Vaults:5)
  12 vault guards (Vaults:5)
  A yaktaur captain (Vaults:5)
  A hydra (Lair:4)
  A two-headed ogre (D:9)
  An ogre mage (Vaults:5)
  3 death yaks (Lair:5)
  2 shock serpents
  2 deep troll earth magi (Vaults:5)
  2 vampire magi
  A thrashing horror (Lair:5)
  2 naga sharpshooters (Snake:4)
  A hell knight (Vaults:5)
  2 deep elf knights (Vaults:5)
  3 skeletal warriors
  A flayed ghost (Vaults:5)
  A naga ritualist (Snake:3)
  2 deep trolls (Vaults:5)
  Pikel (D:8)
  2 harpies (Vaults:5)
  A deep elf pyromancer (Vaults:5)
  A deep elf zephyrmancer (Vaults:5)
  A phantasmal warrior (Vaults:5)
  An orc sorcerer (Vaults:5)
  A cyclops (D:11)
  3 moths of wrath
  2 elephants (Lair:5)
  2 vault sentinels (Vaults:5)
  A smoke demon (Lair:5)
  A black mamba (Lair:2)
  A rime drake (Lair:4)
  2 yaktaurs (D:15)
  4 komodo dragons
  3 trolls
  A small abomination (Lair:5)
  Prince Ribbit (D:6)
  18 yaks
  A steam dragon (D:8)
  2 vampire mosquitoes (D:11)
  A naga (Snake:3)
  2 water moccasins
  An orc warrior (D:7)
  An ogre (D:5)
  A centaur (D:9)
  A gnoll sergeant (Bailey)
  A two-headed ogre simulacrum (IceCv)
  3 wights (D:7)
  An elephant simulacrum (IceCv)
  A howler monkey (D:13)
  A gnoll bouda (D:5)
  3 jellies
  Crazy Yiuf (D:4)
  An iguana (D:5)
  An orc wizard (D:6)
  2 gnolls (D:5)
  2 bushes (Depths:1)
  A butterfly (Depths:1)
  65 fungi
  103 plants
  21 snaplasher vines
  50 withered plants
417 creatures vanquished.

Grand Total: 2627 creatures vanquished

Notes
Turn   | Place    | Note
-------+----------+-------------------------------------------
     0 | D:1      | Midpoint the Felid Summoner began the quest for the Orb.
     0 | D:1      | Reached XP level 1. HP: 7/7 MP: 4/4
   444 | D:1      | Reached XP level 2. HP: 11/11 MP: 4/6
   453 | D:1      | Learned a level 2 spell: Call Imp
  1069 | D:2      | Reached skill level 5 in Stealth
  1115 | D:2      | Reached XP level 3. HP: 14/14 MP: 1/7
  1370 | D:2      | Learned a level 3 spell: Call Canine Familiar
  1402 | D:2      | Found Qenic's Assorted Antiques.
  1447 | D:2      | Found Eshriumnu's Assorted Antiques.
  1645 | D:2      | Found Kopafergh's Weapon Shoppe.
  1834 | D:2      | Found Uturoh's Jewellery Shop.
  2549 | D:4      | Reached XP level 4. HP: 18/18 MP: 4/9
  2802 | D:4      | Identified the +2 helmet of the Earth {Stlth+}
  2802 | D:4      | Noticed Robin
  3233 | D:4      | Killed Robin
  3234 | D:4      | Reached XP level 5. HP: 11/21 MP: 2/10
  3462 | D:4      | Learned a level 3 spell: Summon Guardian Golem
  3531 | D:4      | Reached skill level 5 in Summonings
  3571 | D:4      | Reached skill level 1 in Hexes
  4068 | D:4      | Reached skill level 1 in Fighting
  4162 | D:4      | Noticed Blork the orc
  4471 | D:4      | Killed Blork the orc
  4472 | D:4      | Gained mutation: You are covered in thick fur. (AC +2)
                  | [Felid growth]
  4472 | D:4      | Reached XP level 6. HP: 25/25 MP: 1/12
  4686 | D:4      | Found a runed translucent door.
  4687 | D:4      | Noticed Crazy Yiuf
  4712 | D:4      | Killed Crazy Yiuf
  4787 | D:5      | Entered Level 5 of the Dungeon
  4848 | D:5      | Noticed Sigmund
  4884 | D:5      | Killed Sigmund
  4885 | D:5      | Reached XP level 7. HP: 30/30 MP: 8/13
  5178 | D:5      | Found a glowing drain.
  5244 | D:5      | Reached skill level 5 in Dodging
  5244 | D:5      | Reached skill level 6 in Summonings
  5304 | Sewer    | Entered a sewer
  5759 | Sewer    | Reached XP level 8. HP: 34/34 MP: 12/15
  5924 | Sewer    | Reached skill level 5 in Hexes
  6447 | D:5      | Learned a level 4 spell: Summon Lightning Spire
  6817 | D:5      | Reached skill level 1 in Air Magic
  7111 | D:6      | Noticed Prince Ribbit
  7279 | D:6      | Reached skill level 5 in Spellcasting
  7298 | D:6      | Reached skill level 7 in Summonings
  7298 | D:6      | Reached XP level 9. HP: 38/39 MP: 6/18
  7324 | D:6      | Killed Prince Ribbit
  7325 | D:6      | Reached skill level 5 in Fighting
  7433 | D:6      | Found a staircase to the Ecumenical Temple.
  7459 | Temple   | Entered the Ecumenical Temple
  7472 | Temple   | Became a worshipper of Gozag Ym Sagoz the Greedy
  8136 | D:7      | Identified the +3 scale mail of Inviolability {rPois Dex+5}
  8680 | D:7      | Reached XP level 10. HP: 45/45 MP: 20/20
  8959 | D:7      | Found a shimmering blue altar of Sif Muna.
  8991 | D:7      | Found a basalt altar of Yredelemnul.
  9052 | D:7      | Reached skill level 8 in Summonings
  9204 | D:7      | Identified 2 scrolls of acquirement
  9670 | D:8      | Killed from afar by a steam dragon
  9671 | D:8      | Reached XP level 9. HP: -14/41 MP: 18/19
  9902 | D:8      | Found a flagged portal.
  9911 | Bailey   | Entered a bailey
 10173 | Bailey   | Noticed Grum
 10177 | Bailey   | Reached skill level 5 in Air Magic
 10187 | Bailey   | Killed Grum
 10412 | Bailey   | Reached XP level 10. HP: 46/46 MP: 18/21
 10618 | D:8      | Acquired 504 gold pieces
 10765 | D:2      | Bought a scroll labelled UDOANL VEGE for 21 gold pieces
 10765 | D:2      | Bought a scroll labelled JOOCADAPUOM for 21 gold pieces
 10776 | D:2      | Bought a fizzy silvery potion for 25 gold pieces
 10794 | D:2      | Bought a +6 ring of intelligence for 360 gold pieces
 10942 | D:8      | Noticed Pikel
 10964 | D:8      | Killed Pikel
 11719 | D:9      | Noticed a two-headed ogre
 11737 | D:9      | Killed a two-headed ogre
 11966 | D:9      | Identified the +8 halberd of Optimality {spect, rN+ Dex+4}
 12006 | D:9      | Reached skill level 10 in Dodging
 12351 | D:10     | Entered Level 10 of the Dungeon
 12352 | D:10     | Found Berphix's Assorted Antiques.
 12362 | D:10     | Bought a scroll of identify for 48 gold pieces
 12362 | D:10     | Bought a scroll of identify for 48 gold pieces
 12447 | D:10     | Reached skill level 9 in Summonings
 12791 | D:10     | Learned a level 6 spell: Summon Cactus Giant
 13361 | D:11     | Noticed Maurice
 13368 | D:11     | Noticed Harold
 13418 | D:11     | Killed Harold
 13451 | D:11     | Reached XP level 11. HP: 50/50 MP: 15/23
 13749 | D:11     | Noticed a skeletal warrior
 13749 | D:11     | Noticed a skeletal warrior
 13770 | D:11     | Killed a skeletal warrior
 13791 | D:11     | Noticed a skeletal warrior
 13799 | D:11     | Killed a skeletal warrior
 13811 | D:11     | Killed a skeletal warrior
 13990 | D:11     | Noticed Maurice
 13990 | D:11     | Maurice changed into Maurice the acid dragon
 13991 | D:11     | Killed Maurice the acid dragon
 14090 | D:11     | Found a staircase to the Lair.
 14569 | D:11     | Found Elives's Assorted Antiques.
 14578 | D:11     | Bought a scroll labelled CUUCVACVANT for 31 gold pieces
 14667 | D:11     | Noticed Psyche
 14686 | D:11     | Killed Psyche
 14704 | Lair:1   | Entered Level 1 of the Lair of Beasts
 14716 | Lair:1   | Reached skill level 10 in Summonings
 14776 | Lair:1   | Bought an amulet of magic regeneration for 480 gold pieces
 15331 | Lair:1   | Noticed a boulder beetle
 15356 | Lair:1   | Killed a boulder beetle
 15357 | Lair:1   | Gained mutation: Your thick and shaggy fur keeps you warm.
                  | (AC +3, rC+) [Felid growth]
 15357 | Lair:1   | Reached XP level 12. HP: 57/57 MP: 25/25
 15733 | Lair:2   | Noticed Sonja
 15751 | Lair:2   | Killed Sonja
 15915 | Lair:2   | Noticed a death yak
 15928 | Lair:2   | Killed a death yak
 16008 | Lair:2   | Found a frozen archway.
 16043 | IceCv    | Entered an ice cave
 16349 | Lair:2   | Found a staircase to the Snake Pit.
 16506 | Lair:3   | Reached skill level 11 in Summonings
 16948 | Lair:3   | Learned a level 3 spell: Swiftness
 17334 | Lair:3   | Reached skill level 10 in Fighting
 17558 | Lair:4   | Noticed Urug
 17824 | Lair:4   | Noticed a four-headed hydra
 17835 | Lair:4   | Killed a four-headed hydra
 17993 | Lair:4   | Found a staircase to the Slime Pits.
 17995 | Lair:4   | Found a viscous altar of Jiyva.
 18027 | Lair:4   | Reached skill level 10 in Spellcasting
 18037 | Lair:4   | Reached XP level 13. HP: 54/61 MP: 27/28
 18066 | Lair:4   | Killed Urug
 18763 | Lair:5   | Entered Level 5 of the Lair of Beasts
 18891 | Lair:5   | Learned a level 1 spell: Apportation
 18953 | Lair:5   | Reached skill level 12 in Summonings
 19327 | Lair:5   | Reached skill level 15 in Dodging
 20038 | Lair:5   | Reached XP level 14. HP: 59/69 MP: 29/29
 20049 | Lair:5   | Reached skill level 13 in Summonings
 20357 | Lair:5   | Found a corrupted altar of Lugonu.
 20357 | Lair:5   | Found a one-way gate to the infinite horrors of the Abyss.
 20596 | Lair:1   | Bought Sif Muna's Almanac of Forceful Beckoning for 782
                  | gold pieces
 20602 | Lair:1   | Learned a level 5 spell: Summon Mana Viper
 20940 | D:12     | Reached skill level 1 in Transmutations
 21191 | D:12     | Found a staircase to the Orcish Mines.
 21540 | D:12     | Found Exkel's Jewellery Shoppe.
 21599 | D:12     | Found a runed translucent gate.
 21600 | D:12     | Found a runed translucent gate.
 21601 | D:12     | Found a runed translucent gate.
 21611 | D:12     | Noticed BuddhaDhamma's ghost (journeyman MiBe)
 21663 | D:12     | Identified the amulet "Ruuxawem" {Spirit Harm Rampage}
 21856 | D:12     | Found a glowing golden altar of the Shining One.
 22129 | D:13     | Shot with an arrow by a centaur warrior
 22130 | D:13     | Reached XP level 13. HP: -10/65 MP: 28/37
 23251 | D:14     | Found a runed translucent gate.
 23252 | D:14     | Found a runed translucent gate.
 23279 | D:14     | Found a runed translucent gate.
 23279 | D:14     | Found an ancient bone altar of Kikubaaqudgha.
 23279 | D:14     | Noticed a lich
 23280 | D:14     | Noticed Baec Wov's ghost (journeyman VSFi)
 23280 | D:14     | Noticed Alirepe's ghost (journeyman DsAr)
 23281 | D:14     | Noticed a lich
 23281 | D:14     | Noticed a lich
 23786 | D:14     | Reached XP level 14. HP: 68/69 MP: 29/29
 24255 | D:14     | Found a gate to the Vaults.
 24255 | D:14     | Noticed an ironbound preserver
 24379 | D:14     | Reached skill level 5 in Transmutations
 24390 | D:14     | Killed an ironbound preserver
 24601 | D:14     | Reached skill level 14 in Summonings
 24795 | D:15     | Entered Level 15 of the Dungeon
 25327 | D:15     | Found a runed translucent door.
 25327 | D:15     | Found a shimmering altar of Xom.
 25327 | D:15     | Noticed yourfavgirlally's ghost (journeyman PaBe)
 25868 | Orc:1    | Entered Level 1 of the Orcish Mines
 25914 | Orc:2    | Entered Level 2 of the Orcish Mines
 26150 | Orc:1    | You fall into a shaft and drop 1 floor!
 26177 | Orc:2    | Reached skill level 10 in Hexes
 26564 | Orc:2    | Found Hotzapso's Armour Boutique.
 26564 | Orc:2    | Found Liufeky's Weapon Shoppe.
 26565 | Orc:2    | Found Qedaist's Antique Armour Shoppe.
 26565 | Orc:2    | Found Cenyzunn's Weapon Shop.
 26589 | Orc:2    | Reached XP level 15. HP: 75/75 MP: 29/30
 26707 | Orc:2    | Found a staircase to the Elven Halls.
 27410 | D:2      | Bought a ring of protection from cold for 250 gold pieces
 27410 | D:2      | Bought a ring of flight for 175 gold pieces
 27431 | D:2      | Bought a scroll of acquirement for 1456 gold pieces
 27431 | D:2      | Acquired 904 gold pieces
 27433 | D:2      | Acquired the ring "Onky" {rF+ EV+4 Int+5}
 27610 | D:11     | Bought a scroll of acquirement for 1612 gold pieces
 27610 | D:11     | Acquired the ring "Jaocwire" {rPois Will++ Str+3 Int+4}
 27743 | Snake:1  | Entered Level 1 of the Snake Pit
 28212 | Snake:1  | HP: 3/75 [naga sharpshooter/arrow (29)]
 29556 | Snake:1  | Noticed Aizul
 29575 | Snake:1  | Killed Aizul
 32081 | Snake:2  | Bought a scroll of fog for 64 gold pieces
 32081 | Snake:2  | Bought a scroll of blinking for 120 gold pieces
 32247 | Snake:3  | Reached skill level 15 in Fighting
 32384 | Snake:3  | Reached skill level 10 in Transmutations
 33091 | Snake:3  | Reached XP level 16. HP: 71/81 MP: 6/31
 33340 | Lair:1   | Bought a book of the Dragon for 782 gold pieces
 33348 | Lair:1   | Learned a level 7 spell: Dragon Form
 34206 | Snake:4  | Entered Level 4 of the Snake Pit
 34206 | Snake:4  | Noticed Vashnia
 34506 | Snake:3  | Killed Vashnia
 34786 | Snake:3  | Learned a level 4 spell: Passage of Golubria
 35568 | Snake:4  | Noticed Wentworth's ghost (adept MiFi)
 35966 | Snake:4  | Found a transporter.
 35977 | Snake:4  | Found a transporter.
 36119 | Snake:4  | Noticed Mlioglotl
 36134 | Snake:4  | Killed Mlioglotl
 36539 | Snake:4  | Reached skill level 1 in Unarmed Combat
 36813 | Snake:4  | Reached skill level 1 in Translocations
 37557 | Snake:4  | Got a serpentine rune of Zot
 37928 | Lair:3   | Found a staircase to the Shoals.
 37996 | Shoals:1 | Entered Level 1 of the Shoals
 38245 | Shoals:1 | Reached XP level 17. HP: 85/85 MP: 20/33
 38580 | Shoals:1 | Reached skill level 5 in Translocations
 39299 | Shoals:2 | Reached skill level 15 in Transmutations
 39782 | Shoals:3 | Reached skill level 5 in Unarmed Combat
 40208 | Shoals:4 | Entered Level 4 of the Shoals
 40762 | D:15     | Found a staircase to the Depths.
 41280 | D:15     | Killed yourfavgirlally's ghost
 42031 | Elf:1    | Entered Level 1 of the Elven Halls
 42140 | Elf:1    | Identified the +1 ring mail "Butzoreo" {Will+ Int-2 Dex+9}
 42148 | Elf:1    | Identified the +3 plate armour of Wiegekhlo {-Tele rN++
                  | Str+5}
 42318 | Elf:1    | Learned a level 5 spell: Summon Forest
 42355 | Elf:1    | Got the Collected Works on Assembling
 42393 | Elf:1    | Noticed Agnes
 42397 | Elf:1    | Killed Agnes
 42453 | Elf:1    | Paralysed by an air elemental for 1 turns
 42600 | Elf:1    | Noticed Azrael
 42629 | Elf:1    | Killed Azrael
 42880 | Elf:1    | Found an ancient bone altar of Kikubaaqudgha.
 43105 | Elf:2    | Found Utsaps's General Store.
 43211 | Elf:2    | Reached XP level 18. HP: 89/89 MP: 33/35
 43383 | Elf:2    | Found a runed translucent gate.
 43385 | Elf:2    | Found a runed translucent gate.
 43385 | Elf:2    | Found a runed translucent gate.
 43658 | Elf:3    | Entered Level 3 of the Elven Halls
 43721 | Elf:3    | Reached skill level 10 in Unarmed Combat
 44240 | Elf:3    | Found a runed translucent door.
 44240 | Elf:3    | Noticed acky's ghost (adept OpTm)
 44265 | Elf:3    | Killed acky's ghost
 44473 | Elf:3    | Identified the +10 rapier of Famine {pain, rElec Dex+6}
 46287 | Elf:3    | Identified the +5 mace of Sequestration {vorpal, rPois
                  | Dex+4}
 46292 | Elf:3    | Identified the +1 demon trident of Daac {chaos, Drain rElec
                  | rPois rC++}
 46293 | Elf:3    | Identified the +7 hand axe of Slow Death {venom, rN+++
                  | Dex-4}
 46302 | Elf:3    | Got Ozucvol's Precepts of Lethal Calefaction
 46436 | Elf:2    | Bought a scroll of silence for 161 gold pieces
 46693 | Lair:1   | Bought the amulet "Enuawo" {rC+ Regen+} for 704 gold pieces
 47203 | Shoals:4 | Got a barnacled rune of Zot
 47391 | Shoals:4 | Got the Handbook of Energetic Invitation
 47589 | Shoals:4 | Reached XP level 19. HP: 93/93 MP: 21/36
 47591 | Shoals:4 | Found a transporter.
 47593 | Shoals:4 | Found a transporter.
 47612 | Shoals:4 | Found a transporter.
 47615 | Shoals:4 | Found a transporter.
 47634 | Shoals:4 | Found a transporter.
 47655 | Shoals:4 | Found a transporter.
 47775 | Shoals:4 | Reached skill level 15 in Unarmed Combat
 47966 | Shoals:4 | Got the Omnibus of Breath
 48105 | Shoals:4 | Reached skill level 1 in Evocations
 48778 | Vaults:1 | Entered Level 1 of the Vaults
 48798 | Vaults:1 | Noticed Saint Roka
 48809 | Vaults:1 | Killed Saint Roka
 50104 | Vaults:1 | Identified the +8 flail of the Valley of Death {vorpal,
                  | rPois Int+5 Dex-3}
 50353 | Vaults:1 | Noticed Nikola
 51235 | Vaults:2 | Reached skill level 15 in Summonings
 52721 | Vaults:3 | Reached XP level 20. HP: 98/98 MP: 13/38
 52752 | Vaults:3 | Learned a level 7 spell: Summon Hydra
 52852 | Vaults:3 | Found a staircase to the Crypt.
 53542 | Vaults:3 | Identified the ring of Saele {rPois rN+ Str-4 Dex+6}
 53546 | Vaults:3 | Identified the +5 great mace of Nisi {protect, *Slow rCorr
                  | Dex+6 SInv}
 54071 | Vaults:3 | Reached skill level 16 in Summonings
 54165 | Vaults:3 | Found a radiant altar of Vehumet.
 54843 | Vaults:3 | Identified the +9 broad axe of the Ship {pain, rPois rF+
                  | Will+ Dex-5}
 54899 | Vaults:3 | You are sucked into a shaft and drop 1 floor!
 56167 | Vaults:4 | Reached skill level 17 in Summonings
 56525 | Vaults:1 | Killed Nikola
 56688 | D:12     | Killed BuddhaDhamma's ghost
 56816 | Depths:1 | Entered Level 1 of the Depths
 57516 | Depths:1 | Reached XP level 21. HP: 103/103 MP: 29/40
 57938 | Depths:1 | Found a white marble altar of Elyvilon.
 58728 | Depths:1 | Found a gateway to Hell.
 59251 | Depths:2 | Reached skill level 18 in Summonings
 59570 | Depths:2 | Found Zuarhigg's Armour Shop.
 59572 | Depths:2 | Found Axycluunig's Distillery.
 59572 | Depths:2 | Found Saniluuq's Armour Shop.
 59575 | Depths:2 | Found Xuklan's Assorted Antiques.
 60022 | Depths:2 | Identified the ring "Bewomeum" {*Corrode Fly rPois rF+}
 60907 | Depths:2 | Found a one-way gate leading to the halls of Pandemonium.
 61566 | Depths:3 | Noticed Margery
 61896 | Depths:3 | Found a one-way gateway to a ziggurat.
 61939 | Depths:3 | Killed Margery
 61974 | Depths:3 | Got Seps's Catalogue of Pollution and the Blizzard
 62083 | Depths:3 | Found a runed translucent gate.
 62083 | Depths:3 | Found a runed translucent gate.
 62083 | Depths:3 | Found a runed translucent gate.
 62084 | Depths:3 | Noticed Utor Aju's ghost (adept MiHu)
 62086 | Depths:3 | Noticed Caat Rau's ghost (adept DgCj)
 62144 | Depths:3 | Reached skill level 19 in Summonings
 62922 | Depths:3 | Reached XP level 22. HP: 109/109 MP: 30/41
 62930 | Depths:3 | Reached skill level 15 in Spellcasting
 62939 | Depths:3 | Learned a level 8 spell: Summon Horrible Things
 62945 | Depths:3 | Noticed a caustic shrike
 62948 | Depths:3 | Killed a caustic shrike
 63340 | Depths:3 | Noticed a caustic shrike
 63341 | Depths:3 | Noticed a golden dragon
 63341 | Depths:3 | Noticed a caustic shrike
 63354 | Depths:3 | Killed a caustic shrike
 63358 | Depths:3 | Killed a caustic shrike
 63387 | Depths:3 | Killed a golden dragon
 63734 | Depths:4 | Entered Level 4 of the Depths
 64806 | Depths:4 | Noticed a golden dragon
 64814 | Depths:4 | Killed a golden dragon
 64873 | Depths:4 | Reached skill level 20 in Summonings
 64972 | Depths:4 | Found Nuorolir's Book Shoppe.
 64973 | Depths:4 | Found Tocvigidi's Jewellery Boutique.
 64974 | Depths:4 | Found Notipliu's Book Shoppe.
 64988 | Depths:4 | Bought an Inescapable Atlas for 476 gold pieces
 64988 | Depths:4 | Bought the Anthology of the Catfish for 504 gold pieces
 64994 | Depths:4 | Learned a level 5 spell: Manifold Assault
 65067 | Depths:4 | Found a shadowy altar of Dithmenos.
 65230 | Depths:4 | Noticed a golden dragon
 65236 | Depths:4 | Killed a golden dragon
 65421 | Depths:4 | Found a gate to the Realm of Zot.
 65694 | Slime:1  | Entered Level 1 of the Pits of Slime
 66036 | Slime:2  | Noticed Dissolution
 66046 | Slime:2  | Killed Dissolution
 68289 | Vaults:5 | Entered Level 5 of the Vaults
 68291 | Vaults:5 | Found the +0 staff of Battle
 68296 | Vaults:5 | Reached XP level 23. HP: 114/114 MP: 31/44
 68304 | Vaults:5 | Noticed an ancient lich
 68311 | Vaults:5 | Reached skill level 21 in Summonings
 68317 | Vaults:5 | Noticed a dread lich
 68344 | Vaults:5 | Identified the +4 falchion of Exquisite Torment {freeze,
                  | Str+4}
 68353 | Vaults:5 | Killed a dread lich
 68908 | Vaults:5 | Identified the +3 falchion "With Two Names" {spect, rElec
                  | rCorr}
 68931 | Vaults:5 | Killed an ancient lich
 68999 | Vaults:5 | Found Ymmifunn's Assorted Antiques.
 69249 | Vaults:5 | Identified the +4 great sword "Ozehol" {freeze, rCorr}
 69333 | Vaults:5 | Got a silver rune of Zot
 69643 | Vaults:5 | Learned a level 9 spell: Dragon's Call
 69646 | Vaults:5 | Learned a level 2 spell: Wereblood
 69869 | Lair:1   | Bought a Grand Grimoire for 476 gold pieces
 69875 | Lair:1   | Bought Great Wizards, Vol. VII for 510 gold pieces
 70334 | Zot:1    | Entered Level 1 of the Realm of Zot
 70470 | Zot:1    | Identified the +5 ring mail "Opsadgh" {Str+3}
 70832 | Zot:1    | Reached skill level 22 in Summonings
 70976 | Zot:1    | Found a runed translucent door.
 70977 | Zot:1    | Noticed Laddes's ghost (veteran DsFi)
 71135 | Zot:1    | Identified the +6 chain mail of the Silly God {-Tele +Inv
                  | Will+ rCorr}
 71325 | Zot:2    | Noticed a curse toe
 71329 | Zot:2    | Found a runed translucent gate.
 71330 | Zot:2    | Found a runed translucent gate.
 71330 | Zot:2    | Found a runed translucent gate.
 71359 | Zot:2    | Killed a curse toe
 71468 | Zot:2    | Noticed Heoriaro's ghost (legendary GnFi)
 71508 | Zot:2    | Reached skill level 10 in Translocations
 71765 | Zot:4    | Noticed a curse toe
 72315 | Crypt:1  | Entered Level 1 of the Crypt
 72392 | Crypt:1  | Reached skill level 23 in Summonings
 72403 | Crypt:1  | Reached XP level 24. HP: 98/118 MP: 22/45
 73516 | Crypt:2  | Reached skill level 24 in Summonings
 74466 | Crypt:3  | Entered Level 3 of the Crypt
 75300 | Crypt:3  | Identified the amulet "Leuno" {*Slow rPois Regen+ Str+3}
 75300 | Crypt:3  | Identified the ring "Moosir" {Fly rN+ Str-5 Dex+3}
 75300 | Crypt:3  | Identified the ring of Ezamuul {rPois rN+ Will+ Str-5
                  | Int+3}
 75304 | Crypt:3  | Identified the +6 short sword of Guroschaap {speed, Str+3
                  | Int-4 SInv}
 76106 | Crypt:3  | Found a staircase to the Tomb.
 76208 | Crypt:3  | Found an ancient bone altar of Kikubaaqudgha.
 76210 | Crypt:3  | Noticed a dread lich
 76225 | Crypt:3  | Killed a dread lich
 76365 | Crypt:3  | Noticed a dread lich
 76377 | Crypt:3  | Killed a dread lich
 76845 | Slime:5  | Entered Level 5 of the Pits of Slime
 77340 | Slime:5  | Noticed the Royal Jelly
 77491 | Slime:5  | Reached XP level 25. HP: 123/123 MP: 33/45
 77557 | Slime:5  | Found a viscous altar of Jiyva.
 78316 | Slime:5  | Found the +3 greatsling "Punk" {acid, rCorr}
 78363 | Slime:5  | Killed the Royal Jelly
 78771 | Slime:5  | Identified the +6 demon blade of the Gazing Gods {venom,
                  | rN+ Int+3}
 78798 | Slime:5  | Identified the ring of Neurosis {Wiz Dex+7}
 78804 | Slime:5  | Identified the +0 helmet of Weirdness {Rampage Stlth+}
 78829 | Slime:5  | Got a slimy rune of Zot
 78834 | Slime:5  | Identified the +7 trident of the Demagogue {vorpal, +Blink
                  | rN+ Str+4}
 78839 | Slime:5  | Identified the +1 eveningstar of Pyromania {venom, +Blink
                  | rCorr}
 78848 | Slime:5  | Identified the +9 whip "Kaosi" {antimagic, rElec Will++}
 78868 | Slime:5  | Identified the ring of the Middle {rC+ Will- rCorr Stlth+}
 79291 | Zot:2    | Reached skill level 15 in Translocations
 80133 | Zot:5    | Entered Level 5 of the Realm of Zot
 80190 | Zot:5    | Noticed an orb of fire
 80374 | Zot:5    | Acquired 735 gold pieces
 80487 | Zot:5    | Noticed a dread lich
 80498 | Zot:5    | Noticed an orb of fire
 80511 | Zot:5    | Noticed a Killer Klown
 80512 | Zot:5    | Noticed an orb of fire
 80512 | Zot:5    | Killed an orb of fire
 80513 | Zot:5    | Noticed a Killer Klown
 80518 | Zot:5    | Killed a dread lich
 80519 | Zot:5    | Killed a Killer Klown
 80521 | Zot:5    | Noticed a Killer Klown
 80523 | Zot:5    | Noticed a Killer Klown
 80524 | Zot:5    | Killed an orb of fire
 80529 | Zot:5    | Reached skill level 25 in Summonings
 80536 | Zot:5    | Noticed an ancient lich
 80542 | Zot:5    | Noticed a Killer Klown
 80548 | Zot:5    | Killed an ancient lich
 80549 | Zot:5    | Killed a Killer Klown
 80555 | Zot:5    | Killed a Killer Klown
 80721 | Zot:5    | Noticed an orb of fire
 80730 | Zot:5    | Killed an orb of fire
 80741 | Zot:5    | Noticed an ancient lich
 80745 | Zot:5    | Killed an ancient lich
 81715 | Zot:5    | Got the Orb of Zot
 82237 | D:4      | Noticed Nasecups the pandemonium lord
 82286 | D:1      | Noticed Yloynakaile the pandemonium lord
 82313 | D:$      | Escaped with the Orb!

Illustrated notes

Levels and vault maps discovered:
D:1:      dpeg_arrival_tiny_c, layout_basic
D:2:      layout_basic, serial_shops, nicolae_shop_waterfront, shop, shop,
          nicolae_shop_bloodbath_and_beyond
D:3:      layout_loops_cross
D:4:      layout_rooms, uniq_crazy_yiuf_cottage, uniq_robin, uniq_blork_the_orc
D:5:      layout_basic, cheibrodos_sewer_entry_sluice, uniq_sigmund
D:6:      layout_rooms, minmay_temple_entry_offerings, uniq_prince_ribbit1
D:7:      old_forge, layout_basic, mainiacjoe_overflow_two_lobes,
          nrook_mini_backslash, minmay_quadrilaterals
D:8:      layout_loops_ring, enter_bailey_6, uniq_pikel
D:9:      layout_rooms, kennysheep_island_fort
D:10:     layout_loops_corners, serial_shops, nicolae_shop_statue_plus,
          nicolae_titane
D:11:     layout_loops_ring, due_lair_maze_entry_diamond, serial_shops,
          nicolae_lakefront_shop, uniq_maurice, uniq_psyche, uniq_harold
D:12:     layout_stronghold, david_orc_3, gammafunk_ghost_necromancy,
          serial_shops, nicolae_lakefront_shop, nicolae_tso_carved_into_rock
D:13:     layout_rooms, minmay_misc_feat_room, roderic_serpentine_path
D:14:     layout_stronghold, skrybe_vaults_entry_preservation,
          gammafunk_ghost_crypt, kennysheep_cluttered_room
D:15:     gammafunk_depths_entry_grave, layout_irregular_city,
          ebering_ghost_xom, minmay_misc_feat_secret_circle,
          nrook_guardian_serpent_double
Temple:   nicolae_temple_bog_church
Lair:1:   layout_loops_ring
Lair:2:   layout_misc_corridors, dummy_snake_entry,
          portal_ice_cave_demonic_guard, lemuel_fruit_tree, uniq_sonja
Lair:3:   layout_concentric_octagons, minmay_shoals_entry_hut
Lair:4:   layout_roguey, nicolae_slime_entry_slimehenge, ice2_lemuel, uniq_urug
Lair:5:   hellmonk_lair_end_abyssal_woods, layout_hall_layers,
          lemuel_old_faithful
Shoals:1: layout_shoals
Shoals:2: layout_shoals
Shoals:3: layout_shoals
Shoals:4: shoals_end_simple, layout_shoals, serial_nicolae_subway,
          nicolae_sub_station_crystal, nicolae_sub_station_metal,
          nicolae_sub_station_stone
Snake:1:  layout_chambers, serial_bayou_pond_d, grunt_megastairs_1, uniq_aizul
Snake:2:  layout_cave_pods, corexii_hall_statues_i, grunt_ministairs_4,
          nicolae_snake_dead_anacondas
Snake:3:  layout_cave_town
Snake:4:  minmay_snake_end_coiled, layout_grid_maze,
          gammafunk_ghost_abyssal_escape, uniq_vashnia, uniq_mlioglotl
Slime:1:  layout_caves, cheibrodos_slime_lost_civilization_4
Slime:2:  layout_caves, uniq_dissolution
Slime:3:  layout_caves, basic_altar
Slime:4:  layout_caves, cheibrodos_slime_lost_civilization_5
Slime:5
Orc:1:    layout_diamond_mine, basic_altar
Orc:2:    st_orc_ogre_mass, layout_diamond_mine
Elf:1:    nicolae_elf_arrival_no_cutting_in_line, layout_geoelf_octagon,
          basic_altar, minmay_elf_demonology, uniq_agnes, uniq_azrael
Elf:2:    nicolae_elf_blades_crystal_corner, layout_geoelf_grid, serial_shops,
          nicolae_shop_behind_doors
Elf:3:    elf_hall_gauntlet_wide, layout_loops_cross, gammafunk_ghost_grave,
          nicolae_elf_stone_circles, grunt_ministairs_5, dk_noncrumbling_4
Vaults:1: vaults_mumra_hex, vaults_room_pool, vaults_room_door_hall,
          vaults_mumra_bighexcomb, grunt_vaults_funnel,
          nicolae_vaults_network_s, ontoclasm_vaults_pinch,
          nicolae_vaults_yaktaur_gun_rack, ontoclasm_vaults_chip,
          vaults_room_door_ring, layout_vaults_quadrants, uniq_nikola,
          uniq_saint_roka
Vaults:2: v_misc_16, ontoclasm_vaults_twist, v_misc_22,
          vaults_dpeg_encased_lava, v_rooms_6, serial_ice_b,
          ontoclasm_vaults_ring_large, ontoclasm_vaults_claustrophobia,
          v_misc_3, v_pattern_1, nicolae_vaults_an_arrangement,
          vaults_standard_mumra_x, nicolae_vaults_rhombus_6,
          nicolae_vaults_ring_of_whatevers, hangedman_vaults_cutoff,
          layout_vaults_ring
Vaults:3: grunt_tower_of_power, nicolae_vaults_network_periphery,
          hangedman_vaults_corner, hangedman_vaults_stream, v_alt_pattern_2,
          minmay_crypt_entry_simple_box, grunt_vaults_twisty, v_misc_12,
          ontoclasm_vaults_shuriken, nicolae_vaults_angled_halls,
          ontoclasm_vaults_loading_screen, ontoclasm_vaults_fault,
          vaults_dpeg_hooks, v_misc_22, ontoclasm_vaults_gateway,
          vaults_mumra_chevron, layout_vaults_omnibox
Vaults:4: nicolae_vaults_little_ls, nicolae_vaults_asterisk,
          vaults_room_hallway, v_misc_1, v_misc_15, hangedman_vaults_hat,
          v_misc_23, ontoclasm_vaults_decontamination, layout_vaults_big_room
Vaults:5: serial_shops
Crypt:1:  layout_rooms, special_room [special_room_morgue],
          grunt_crypt_arrival_webbed
Crypt:2:  layout_misc_corridors
Crypt:3:  quadcrypt_mu
Depths:1: layout_basic, hellmouth_3, nicolae_eternal_life,
          chequers_serial_rivers_large_a, grunt_ministairs_15, drop_trap,
          nicolae_elyvilon_peaceful_grove
Depths:2: minmay_stepped, layout_gridlike, grunt_pan_entry_sceptre,
          pf_coc_iceberg, minmay_misc_feat_x, kennysheep_random_hallway,
          minmay_shoptagon
Depths:3: kennysheep_snake, layout_cave_pools, enter_ziggurat_c,
          serial_bayou_pond_a, serial_rivers, chequers_serial_rivers_micro_a,
          chequers_serial_rivers_small_3, chequers_serial_rivers_micro_a,
          chequers_serial_rivers_micro_b, chequers_serial_rivers_micro_d,
          chequers_serial_rivers_small_3, grunt_mini_vestibule, abyss_entry,
          gammafunk_ghost_cemetery, uniq_margery
Depths:4: grunt_zot_entry_alcove, layout_gridlike, hell_entry, abyss_entry,
          pan_entry, nicolae_dithmenos_shadow_blocks, minmay_shop_grove
Zot:1:    layout_misc_corridors, gammafunk_ghost_grave
Zot:2:    layout_gridlike, gammafunk_ghost_split, grunt_megastairs_5
Zot:3:    kennysheep_spiral_hall, layout_misc_corridors, uniq_parghit, uniq_vv
Zot:4:    lemuel_acid_trip, layout_onion_interference
Zot:5:    layout_gridlike, grunt_megastairs_2

Skill      XL: |  1  2  3  4  5  6  7  8  9 10 11 12 13 14 15 16 17 18 19 20 21 22 23 24 25 |
---------------+----------------------------------------------------------------------------+-----
Stealth        | 3 5 6 8 |  8.0
Spellcasting   | 3 4 5 7 8 10 11 12 13 14 16 17 | 17.0
Summonings     | 5 6 7 9 10 11 12 14 15 17 19 20 23 24 25 | 25.5
Dodging        | 3 4 5 6 9 10 12 13 15 17 19 21 22 23 | 23.0
Hexes          | 2 3 4 5 7 10 | 10.0
Fighting       | 1 2 3 4 5 7 9 10 12 13 15 16 17 18 20 | 20.3
Air Magic      | 2 5 6 7 |  7.0
Transmutations | 4 7 11 14 16 | 16.0
Unarmed Combat | 3 8 14 15 17 | 17.6
Translocations | 4 5 10 14 15 | 15.0
Evocations     | 4 |  4.0

Action                   |  1- 3 |  4- 6 |  7- 9 | 10-12 | 13-15 | 16-18 | 19-21 | 22-24 | 25-27 || total
-------------------------+-------+-------+-------+-------+-------+-------+-------+-------+-------++-------
Melee: Unarmed           |     4 |     4 |    25 |    17 |    16 |   211 |   442 |   636 |   112 ||  1467
       Bite              |     1 |     1 |     4 |     4 |     1 |    29 |    82 |    77 |    17 ||   216
       Punch             |       |       |       |     1 |       |    17 |    51 |    53 |    11 ||   133
       Tailslap          |       |       |       |       |       |    40 |   101 |    96 |    19 ||   256
 Cast: Summon Small Mamm |    40 |    40 |    40 |     6 |       |       |       |       |       ||   126
       Call Imp          |    12 |    14 |    33 |     4 |       |       |       |       |       ||    63
       Call Canine Famil |     1 |    26 |    63 |    64 |   105 |    29 |       |       |       ||   288
       Summon Guardian G |       |     2 |    16 |    55 |    35 |    17 |       |     1 |       ||   126
       Summon Lightning  |       |       |    13 |    66 |   120 |    84 |    13 |     3 |       ||   299
       Summon Cactus Gia |       |       |       |    15 |   214 |   206 |   189 |    68 |     1 ||   693
       Summon Mana Viper |       |       |       |       |   179 |   232 |    92 |    24 |       ||   527
       Swiftness         |       |       |       |       |     4 |     2 |     1 |       |       ||     7
       Apportation       |       |       |       |       |    33 |    86 |    93 |   147 |    44 ||   403
       Dragon Form       |       |       |       |       |       |   134 |   151 |   133 |    49 ||   467
       Summon Forest     |       |       |       |       |       |    12 |    24 |    16 |     1 ||    53
       Passage of Golubr |       |       |       |       |       |     1 |     1 |     3 |       ||     5
       Summon Hydra      |       |       |       |       |       |       |    85 |       |       ||    85
       Manifold Assault  |       |       |       |       |       |       |       |   105 |    20 ||   125
       Summon Horrible T |       |       |       |       |       |       |       |    53 |    22 ||    75
       Dragon's Call     |       |       |       |       |       |       |       |     9 |    15 ||    24
Invok: Call Merchant     |       |       |       |     2 |     2 |     2 |       |       |       ||     6
       Potion Petition   |       |       |       |       |       |       |     3 |     2 |       ||     5
       Bribe Branch      |       |       |       |       |       |       |       |     3 |     2 ||     5
 Abil: Breathe Fire      |       |       |       |       |       |    69 |    86 |    65 |    17 ||   237
       End Transformatio |       |       |       |       |       |     5 |     1 |       |       ||     6
Evoke: Wand              |       |     1 |       |     3 |     2 |     5 |     5 |     1 |     2 ||    19
       Phantom mirror    |       |       |       |       |       |     1 |     2 |       |       ||     3
       Box of beasts     |       |       |       |       |       |       |     1 |       |       ||     1
       Lightning rod     |       |       |       |       |       |       |     4 |       |     2 ||     6
       Tin of tremorston |       |       |       |       |       |       |     1 |       |       ||     1
  Use: Scroll            |     6 |       |     5 |    13 |    12 |     6 |     2 |     6 |     7 ||    57
       Potion            |       |       |     4 |     1 |     2 |     1 |     1 |     2 |     3 ||    14
 Stab: Distracted        |       |       |       |       |     2 |     7 |    13 |    12 |     1 ||    35
       Sleeping          |       |       |       |       |       |    10 |     7 |    10 |     1 ||    28
       Petrified         |       |       |       |       |       |       |       |     1 |       ||     1
Armor: Skin              |       |       |    13 |    11 |     5 |    66 |    67 |    68 |    18 ||   248
Dodge: Dodged            |    10 |    12 |    99 |    99 |   206 |   305 |   288 |   320 |    89 ||  1428
